 Seeded DCSS version 0.30.1-9-gdf580d7c3d (webtiles) character file.

Game seed: 7547814903460644772 (custom seed)

23 Psyclone the Stinger (level 2, 0/17 HPs)
             Began as an Octopode Venom Mage on Sept 27, 2023.
             Was an Initiate of Gozag.
             Slain by a frilled lizard (3 damage)
             ... on level 1 of the Dungeon.
             The game lasted 00:07:58 (972 turns).

Psyclone the Stinger (Octopode Venom Mage)           Turns: 972, Time: 00:07:59

Health: 0/17       AC:  1    Str:  7    XL:     2   Next: 95%
Magic:  0/5        EV: 13    Int: 17    God:    Gozag
Gold:   27         SH:  0    Dex: 12    Spells: 2/5 levels left

rFire   . . .        (no weapon)
rCold   . . .        (no shield)
rNeg    . . .        (helmet restricted)
rPois   .            (no amulet)
rElec   .            (no ring)
rCorr   .            (no ring)
SInv    .            (no ring)
Will    .....        (no ring)
Stlth   +++          (no ring)
HPRegen 0.22/turn    (no ring)
MPRegen 0.09/turn    (no ring)
                     (no ring)

%: no passive effects
@: gold aura
A: almost no armour, amphibious, 8 rings, camouflage 1, gelatinous body 1,
(nimble swimmer 1), tentacles
a: Renounce Religion, Potion Petition, Call Merchant, Bribe Branch


You were on level 1 of the Dungeon.
You worshipped Gozag.
Gozag was noncommittal.
You visited 1 branch of the dungeon, and saw 5 of its levels.

You collected 135 gold pieces.
You paid 108 gold pieces to Gozag.

Inventory:

Scrolls
 b - a scroll of identify {unknown}
 d - a scroll of vulnerability {unknown}
 e - a scroll of enchant armour {unknown}
 f - a scroll of magic mapping {unknown}
Potions
 a - a potion of magic
 c - a potion of might {unknown}
 g - 2 potions of experience {unknown}


   Skills:
 - Level 2.0 Dodging
 - Level 2.6 Stealth
 - Level 2.0 Spellcasting
 - Level 1.0 Transmutations
 + Level 4.9 Poison Magic


You had 2 spell levels left.
You knew the following spells:

 Your Spells              Type           Power      Damage    Failure   Level
a - Poisonous Vapours     Pois/Air       20%        N/A       11%         2
v - Sting                 Tmut/Pois      44%        1d5       6%          1

Your spell library contained the following spells:

 Spells                   Type           Power      Damage    Failure   Level
 Lesser Beckoning         Tloc           2%         N/A       28%         2
 Olgreb's Toxic Radiance  Pois           18%        N/A       26%         4
 Mephitic Cloud           Conj/Pois/Air  7%         N/A       30%         3
 Gell's Gravitas          Tloc           1%         N/A       50%         3
 Teleport Other           Tloc           1%         N/A       50%         3


Dungeon Overview and Level Annotations

Branches:
Dungeon (5/15) Zot: 26740
 Temple: D:4-7

Altars:
Gozag
Okawaru
Ru
Yredelemnul


Innate Abilities, Weirdness & Mutations

You cannot wear most types of armour.
You are amphibious.
You can wear up to eight rings at the same time.
Your skin changes colour to match your surroundings (Stealth+).
Your rubbery body absorbs attacks. (AC +1, EV +1)
((You are camouflaged when in or above water. (Stealth+)))
You have tentacles for arms and can constrict up to eight enemies at once.


Message History

The hobgoblin is moderately wounded.
You constrict the hobgoblin.
You hear an angry hiss.
The hobgoblin hits you.
You take 1 damage, and have 9/17 hp.
You tentacle-slap the hobgoblin but do no damage.
The hobgoblin is heavily wounded.
You constrict the hobgoblin. The hobgoblin completely misses you.
The kobold is distracted by your dazzling golden aura.
The kobold throws a stone.
The stone hits you.
The kobold shouts!
You tentacle-slap the hobgoblin but do no damage.
The hobgoblin is severely wounded.
You constrict the hobgoblin.
The kobold is no longer distracted by gold.
The hobgoblin barely misses you.
Casting: Poisonous Vapours (safe; 11% risk of failure)
Confirm with . or Enter, or press ? or * to list all spells.
Aiming: Poisonous Vapours (safe; 11% risk of failure)
Press: ? - help, Dir - move target, f - kobold
Aim: a kobold, wielding a +4 dagger and quivering stones Poisonous vapours surround the kobold!
The kobold is poisoned.
You constrict the hobgoblin.
You kill the hobgoblin!
The kobold misses you. The frilled lizard bites you.
The kobold throws a stone.
The stone closely misses you.
You take 3 damage, and have 6/17 hp.
You now have 0/5 mp.
Casting: Poisonous Vapours (safe; 11% risk of failure)
Confirm with . or Enter, or press ? or * to list all spells.
You don't have enough magic to cast this spell.
Unknown command.
You closely miss the kobold. You grab the kobold.
Your squeeze misses the kobold.
The kobold is moderately wounded.
You constrict the kobold, but do no damage.
The kobold hits you with a +4 dagger.
* * * LOW HITPOINT WARNING * * *
The frilled lizard bites you.
You die...
Your body crumbles into a pile of gold.

#........!. #..........
######### #).........
#.......# #..........
#.......# #..........
#.......# #........l.
#.......# #...# ##.......#
#K$.# #........# #@l.# K
#........#####...#### ...
#.#####.#...........####.....
#......>...........KS$.......
#######.#...........####.....
#.#...######### S.. #.###...
. #####.# ##### #.....#


You could see a ball python, 2 kobolds and a frilled lizard.

Vanquished Creatures
  An orc (D:5)
  A ball python (D:2)
  2 bats
  An endoplasm (D:1)
  A goblin (D:4)
  7 hobgoblins
  A quokka (D:2)
  2 frilled lizards
  2 rats (D:1)
18 creatures vanquished.

Notes
Turn   | Place    | Note
-------+----------+-------------------------------------------
     0 | D:1      | Psyclone the Octopode Venom Mage began the quest for the
                  | Orb.
     0 | D:1      | Reached XP level 1. HP: 11/11 MP: 3/3
   281 | D:2      | Reached skill level 4 in Poison Magic
   331 | D:2      | Reached XP level 2. HP: 16/17 MP: 1/5
   373 | D:2      | Learned a level 2 spell: Poisonous Vapours
   588 | D:4      | Noticed an ogre
   613 | D:4      | Found a basalt altar of Yredelemnul.
   715 | D:5      | Entered Level 5 of the Dungeon
   724 | D:5      | Found an opulent altar of Gozag.
   724 | D:5      | Found a sacrificial altar of Ru.
   725 | D:5      | Found an iron altar of Okawaru.
   728 | D:5      | Became a worshipper of Gozag Ym Sagoz the Greedy
   972 | D:1      | Slain by a frilled lizard

Illustrated notes

Levels and vault maps discovered:
D:1:      lordsloth_arrival_two_stooges, layout_basic,
          chequers_ecumenical_altar_simple
D:2:      layout_loops_ring, uniq_jessica
D:3:      layout_loops_cross, ashenzari_conservatory_becter,
          nzn_wu_jian_council_hall, chequers_serial_rivers_room_a,
          grunt_decor_cap, hangedman_abyss_or_decor_lesser_grid,
          hangedman_decor_peaks_small, minmay_gold_behind_fungi, uniq_natasha,
          uniq_crazy_yiuf_cottage
D:4:      layout_loops_ring, grunt_temple_overflow_order_and_chaos_2,
          yredelemnul_altar_generic, nemelex_dance_club_becter,
          gup_sewer_entry_bubbles
D:5:      layout_loops_ring, grunt_temple_overflow_growth_and_decay,
          nicolae_overflow_quartered_altars, doesnt_shop_hydraphobe

Skill      XL: |  1 |
---------------+----+-----
Poison Magic   | 4 |  4.9
Dodging        | |  2.0
Stealth        | |  2.6
Spellcasting   | |  2.0
Transmutations | |  1.0

Action                     || total
---------------------------++-------
  Melee: Unarmed           ||    27
         Constrict         ||     8
         Tentacles         ||     7
   Cast: Sting             ||    15
         Poisonous Vapours ||    15
 Armour: Skin              ||     2
  Dodge: Dodged            ||    29
